 Dungeon Crawl Stone Soup version 0.19.0-19-g8c6edcc (webtiles) character file.

276 tv1990 the Conjurer (level 6, -2/61 HPs)
             Began as a Formicid Conjurer on Nov 14, 2016.
             Slain by an iguana (8 damage)
             ... on level 4 of the Dungeon.
             The game lasted 00:17:40 (3646 turns).

tv1990 the Conjurer (Formicid Conjurer)             Turns: 3646, Time: 00:17:41

Health: -2/61      AC: 23    Str: 11 (14) XL:     6   Next: 50%
Magic:  1/11       EV:  2    Int: 14 (17) God:
Gold:   214        SH:  0    Dex:  9 (11) Spells: 3 memorised, 4 levels left

rFire  . . .     SeeInvis .     o - +1 spear
rCold  . . .     Gourm    .     (armour currently unavailable)
rNeg   + + +     Faith    .     (no shield)
rPois  +         Spirit   .     (helmet unavailable)
rElec  .         Reflect  .     (cloak currently unavailable)
rCorr  .         Harm     .     (gloves currently unavailable)
MR     .....                    (boots currently unavailable)
Stlth  ++........               p - amulet of regeneration
                                (no ring)
                                j - +3 ring of evasion

@: lethally poisoned (-2 -> -2), tree-form
A: permanent stasis, dig shafts and tunnels, four strong arms, (antennae 0),
deterioration 1, strong 1
a: no special abilities


You were on level 4 of the Dungeon.
You were not hungry.
You were a tree.
You visited 1 branch of the dungeon, and saw 4 of its levels.

You collected 214 gold pieces.

Inventory:

Hand Weapons
 k - a +0 short sword
 o - a +1 spear (weapon)
Missiles
 h - 3 javelins (quivered)
Armour
 a - a +1 robe (melded)
Jewellery
 j - a +3 ring of evasion (left branch)
 p - an amulet of regeneration (around neck)
Scrolls
 d - 2 scrolls of remove curse
 g - a scroll of blinking
 i - 2 scrolls of teleportation
 l - a scroll of enchant weapon
 s - a scroll of enchant armour
Potions
 u - a potion of agility {unknown}
 v - a potion of flight {unknown}
 w - a potion of resistance {unknown}
 x - a potion of cure mutation {unknown}
Books
 b - a book of Conjurations

   Spells                             Type                      Level
   a - Magic Dart                     Conjuration                  1
   b - Searing Ray                    Conjuration                  2
   c - Dazzling Spray                 Conjuration/Hexes            3
   d - Fulminant Prism                Conjuration/Hexes            4
   e - Iskenderun's Mystic Blast      Conjuration                  4
   f - Iskenderun's Battlesphere      Conjuration/Charms           5
Comestibles
 c - 4 bread rations
 f - a royal jelly
 m - a meat ration
 q - 2 chunks of flesh


   Skills:
 - Level 1.7 Dodging
 - Level 2.4 Stealth
 + Level 3.8 Spellcasting
 * Level 5.2 Conjurations
 + Level 3.3 Hexes


You had 4 spell levels left.
You knew the following spells:

 Your Spells              Type           Power        Failure   Level  Hunger
a - Magic Dart            Conj           ###.         2%          1    None
b - Dazzling Spray        Conj/Hex       ##....       12%         3    ###....
c - Fulminant Prism       Conj/Hex       ##........   38%         4    ####...


Dungeon Overview and Level Annotations

Branches:
Dungeon (4/15)
 Temple: D:4-7

Altars:


Innate Abilities, Weirdness & Mutations

You are under a permanent stasis effect.
You can dig through walls and to a lower floor.
Your four strong arms can wield two-handed weapons with a shield.
((You have a pair of large antennae on your head. (SInv)))
Your body sometimes deteriorates upon taking damage.
Your muscles are strong. (Str +2)


Message History

The worker ant is almost dead.
You feel sick. The worker ant barely misses you.
You hit the worker ant.
You kill the worker ant!
You feel sick.
It was a potion of degeneration.
There was something very wrong with that liquid.
You feel weakened.
You feel dopey.
You feel clumsy.
You feel sick. The iguana bites you.
* * * LOW HITPOINT WARNING * * *
It was a potion of beneficial mutation.
You feel stronger.
You feel fantastic!
You feel sick.
The iguana bites you but does no damage.
The iguana bites you but does no damage.
Okay, then.
It was a potion of mutation.
You feel extremely strange.
You feel yourself wasting away.
You feel sick. The iguana bites you!
You die...

#.........##.
............
.>.........#
...........
.......... .
.........
...>....l.###
.....####.#♣#
#......l###
#####..##.#
###.....# #.
#.....#.#
####.###.##..#..#
......)...........
#.................
#....[##....###...


You could see an iguana.

Vanquished Creatures
  The ghost of Mlkhall the Conjurer, an amateur OpCj (D:3)
  A worker ant (D:4)
  8 adders
  4 oozes
  2 worms
  A dart slug (D:4)
  2 leopard geckos
  7 orcs (D:3)
  5 giant cockroaches
  10 goblins
  3 hobgoblins
  2 jackals (D:1)
  5 bats
  A frilled lizard (D:3)
  17 kobolds
  13 rats
82 creatures vanquished.

Vanquished Creatures (others)
  A fulminant prism (D:3)
1 creature vanquished.

Grand Total: 83 creatures vanquished

Notes
Turn   | Place    | Note
-------+----------+-------------------------------------------
     0 | D:1      | tv1990 the Formicid Conjurer began the quest for the Orb.
     0 | D:1      | Reached XP level 1. HP: 13/13 MP: 3/3
    54 | D:1      | Reached XP level 2. HP: 19/19 MP: 0/5
   165 | D:1      | Reached skill level 4 in Conjurations
   621 | D:1      | Reached XP level 3. HP: 15/24 MP: 1/6
   684 | D:1      | Learned a level 3 spell: Dazzling Spray
  1102 | D:1      | Reached skill level 1 in Hexes
  1561 | D:2      | Reached XP level 4. HP: 24/30 MP: 3/8
  1599 | D:2      | Learned a level 4 spell: Fulminant Prism
  2168 | D:2      | Reached XP level 5. HP: 30/35 MP: 0/9
  3121 | D:3      | Noticed Mlkhall's ghost (amateur OpCj)
  3131 | D:3      | Killed Mlkhall's ghost
  3131 | D:3      | Reached skill level 5 in Conjurations
  3131 | D:3      | Reached XP level 6. HP: 22/41 MP: 0/11
  3644 | D:4      | Gained mutation: Your muscles are strong. (Str +2) [potion of beneficial mutation]
  3646 | D:4      | Gained mutation: Your body sometimes deteriorates upon taking damage. [potion of mutation]
  3646 | D:4      | Slain by an iguana

Skill      XL: |  1  2  3  4  5 |
---------------+----------------+-----
Conjurations   | 4 5 |  5.2
Hexes          | 1 2 3 |  3.3
Spellcasting   | 3 |  3.8
Dodging        | |  1.7
Stealth        | |  2.4

Action                   |  1- 3 |  4- 6 || total
-------------------------+-------+-------++-------
Melee: Short sword       |    15 |       ||    15
       Spear             |     4 |    70 ||    74
 Cast: Magic Dart        |    52 |   155 ||   207
       Dazzling Spray    |     1 |     1 ||     2
       Fulminant Prism   |       |     1 ||     1
 Abil: Dig               |     1 |     2 ||     3
  Use: Potion            |     2 |     5 ||     7
       Scroll            |       |     8 ||     8
 Stab: Sleeping          |       |     1 ||     1
  Eat: Chunk             |     2 |     8 ||    10
Armor: Robe              |     6 |    31 ||    37
       Skin              |       |    14 ||    14
Dodge: Dodged            |    27 |   163 ||   190

Table legend:
 A = Turns spent in this place as a percentage of turns spent in the entire game.
 B = Non-inter-level travel turns spent in this place as a percentage of non-inter-level travel turns spent in the entire game.
 C = Inter-level travel turns spent in this place as a percentage of turns spent in this place.
 D = Turns resting spent in this place as a percentage of non-inter-level travel turns spent in this place.
 E = Turns spent auto-exploring this place as a percentage of non-inter-level travel turns spent in this place.
 F = Non-inter-level travel turns spent in this place divided by the number of levels of this place that you've seen.
                   A       B       C       D       E      F
               +-------+-------+-------+-------+-------+----------------------
         Total | 100.0 | 100.0 |   0.3 |   8.4 |  17.7 | 224.2
       Dungeon | 100.0 | 100.0 |   0.3 |   8.4 |  17.7 | 224.2
               +-------+-------+-------+-------+-------+----------------------

Table legend:
 A = Kills in this place as a percentage of kills in entire the game.
 B = Kills by you in this place as a percentage of kills by you in the entire game.
 C = Kills by friends in this place as a percentage of kills by friends in the entire game.
 D = Other kills in this place as a percentage of other kills in the entire game.
 E = Experience gained in this place as a percentage of experience gained in the entire game.
 F = Experience gained in this place divided by the number of levels of this place that you have seen.
                   A       B       C       D       E      F
               +-------+-------+-------+-------+-------+----------------------
         Total | 100.0 | 100.0 |  -nan |  -nan | 100.0 |  98.8
       Dungeon | 100.0 | 100.0 |  -nan |  -nan | 100.0 |  98.8
               +-------+-------+-------+-------+-------+----------------------

Vault maps used:
D:1:      erik_arrival_gehennom, serial_park_tiny_2
D:2:      wad_river_or_something, first_bread, minmay_tromino_i4
D:4:      uniq_eustachio
